 Dungeon Crawl Stone Soup version 0.23-a0-208-gb6b040f (webtiles) character file.

22 Felrender the Shield-Bearer (level 2, 0/24 HPs)
             Began as a Demonspawn Fighter on Sept 24, 2018.
             Slain by a hobgoblin
             ... wielding a +0 club
             ... led by Robin
              (2 damage)
             ... on level 2 of the Dungeon.
             The game lasted 00:02:11 (873 turns).

Felrender the Shield-Bearer (Demonspawn Fighter)     Turns: 873, Time: 00:02:13

Health: 0/24       AC:  6    Str: 16    XL:     2   Next: 68%
Magic:  2/2        EV:  7    Int: 13    God:
Gold:   47         SH:  8    Dex: 12    Spells: 1/1 levels left

rFire    . . .     SeeInvis .   a - +0 long sword
rCold    . . .     Gourm    .   c - +0 shield
rNeg     . . .     Faith    .   b - +0 scale mail
rPois    .         Spirit   .   (helmet restricted)
rElec    .         Reflect  .   (no cloak)
rCorr    .         Harm     .   (no gloves)
MR       .....                  (no boots)
Stlth    ..........             (no amulet)
HPRegen  0.08/turn              e - +4 ring of intelligence
MPRegen  0.08/turn              (no ring)

@: no status effects
A: horns 1
a: no special abilities


You were on level 2 of the Dungeon.
You were not hungry.

You visited 1 branch of the dungeon, and saw 2 of its levels.

You collected 47 gold pieces.

Inventory:

Hand Weapons
 a - a +0 long sword (weapon)
Armour
 b - a +0 scale mail (worn)
 c - a +0 shield (worn)
 d - a +0 chain mail
Jewellery
 e - a +4 ring of intelligence (left hand)
Scrolls
 g - a scroll of identify
Comestibles
 f - a ration


   Skills:
 + Level 3.0 Fighting
 + Level 1.9 Long Blades
 + Level 3.0 Armour
 + Level 0.2 Dodging
 + Level 3.1 Shields


You had one spell level left.
You didn't know any spells.
Your spell library was empty.

Dungeon Overview and Level Annotations

Branches:
Dungeon (2/15)

Altars:

Annotations:
D:2 Robin


Innate Abilities, Weirdness & Mutations

You have a pair of small horns on your head.


Message History

The hobgoblin hits you but does no damage.
The goblin hits you. x2
* * * LOW HITPOINT WARNING * * *
The hobgoblin barely misses you.
You hit the goblin.
The goblin is heavily wounded.
The goblin hits you but does no damage. You block the hobgoblin's attack.
You closely miss the goblin.
The goblin is heavily wounded.
Robin roars a battlecry!
The hobgoblin goes into a battle-frenzy!
You block the goblin's attack.
The hobgoblin hits you but does no damage.
You closely miss the goblin.
The goblin is heavily wounded.
The goblin no longer looks unusually strong.
The goblin hits you.
* * * LOW HITPOINT WARNING * * *
The hobgoblin hits you with a club.
You die...

##############
#.....<.......
#.############
#.####g##########
#.gglgggg@g......
#.####g##########
#.# .ggg..g...#
.<.g..g.#.#
#########.# #


You could see Robin, a leopard gecko, 2 hobgoblins and 6 goblins.

Vanquished Creatures
  A giant cockroach (D:1)
  A goblin (D:1)
  5 hobgoblins (D:1)
  4 jackals (D:1)
  A bat (D:1)
  A frilled lizard (D:1)
  3 kobolds (D:1)
  4 rats (D:1)
20 creatures vanquished.

Notes
Turn   | Place    | Note
-------+----------+-------------------------------------------
     0 | D:1      | Felrender the Demonspawn Fighter began the quest for the
                  | Orb.
     0 | D:1      | Reached XP level 1. HP: 18/18 MP: 1/1
   203 | D:1      | Gained mutation: You have a pair of small horns on your
                  | head. [demonic ancestry]
   203 | D:1      | Reached XP level 2. HP: 12/24 MP: 2/2
   859 | D:2      | Noticed Robin
   873 | D:2      | Slain by a hobgoblin

Vault maps used:
D:1:      giann_forest_graveyard
D:2:      lemuel_round_altar, ashenzari_altar_1, uniq_robin

Skill      XL: |  1  2 |
---------------+-------+-----
Shields        | 3 |  3.1
Armour         | 3 |  3.0
Fighting       | |  3.0
Long Blades    | |  1.9
Dodging        | |  0.2

Action                   || total
-------------------------++-------
Melee: Long sword        ||    69
       Headbutt          ||     5
  Use: Scroll            ||     5
       Potion            ||     1
Armor: Scale mail        ||    29
Dodge: Dodged            ||    21
Block: Shield            ||    31
       Rpst.: Long sword ||     5

Table legend:
 A = Non-vault XP
 B = Vault XP
 C = Vault XP percentage of total XP
 D = Non-vault monster count
 E = Vault monster count
 F = Vault count percentage of total count
                 A         B        C        D         E       F
            +---------+---------+-------+---------+---------+-------
      Total |      32 |       0 |   0.0 |      20 |       0 |   0.0
            +---------+---------+-------+---------+---------+-------
        D:1 |      32 |       0 |   0.0 |      20 |       0 |   0.0
            +---------+---------+-------+---------+---------+-------
